 Dungeon Crawl Stone Soup version 0.31.0-11-ge490571c62 (webtiles) character file.

Game seed: 3031475893730313473

35 sanka the Digger (level 3, -7/19 HPs)
             Began as a Gargoyle Earth Elementalist on Jan 28, 2024.
             Mangled by Terence
             ... wielding a +0 flail
              (8 damage)
             ... on level 2 of the Dungeon.
             The game lasted 00:01:50 (1229 turns).

sanka the Digger (Gargoyle Earth Elementalist)      Turns: 1229, Time: 00:01:50

Health: -7/19      AC:  7    Str: 11    XL:     3   Next: 35%
Magic:  6/6        EV: 11    Int: 17    God:
Gold:   65         SH:  0    Dex: 10    Spells: 6/7 levels left

rFire   . . .        e - +0 short sword
rCold   . . .        (no shield)
rNeg    + . .        a - +0 robe
rPois   ∞            k - +0 helmet
rElec   +            l - +0 cloak
rCorr   .            (no gloves)
SInv    .            (no boots)
Will    .....        (no amulet)
Stlth   ++           (no ring)
HPRegen 0.23/turn    g - ring of wizardry
MPRegen 0.10/turn

%: wizardry (x1)
@: attractive
A: sickness immunity, AC +3, negative energy resistance 1, electricity
resistance, torment resistance 1, petrification resistance
a: no special abilities


You were on level 2 of the Dungeon.
You visited 1 branch of the dungeon, and saw 2 of its levels.

You collected 65 gold pieces.


Innate Abilities, Weirdness & Mutations

You are immune to sickness and miasma.
Your stone body is resilient. (AC +3)
You are immune to poison.
You resist negative energy. (rN+)
You are resistant to electric shocks. (rElec)
You are resistant to unholy torment.
You are immune to petrification.


   Skills:
 - Level 1.5 Dodging
 - Level 2.1 Stealth
 + Level 2.5 Spellcasting
 + Level 2.1 Conjurations
 + Level 4.2 Earth Magic


You had 6 spell levels left.
You knew the following spells:

 Your Spells              Type           Power      Damage    Failure   Level
z - Sandblast             Erth           32%        2d9       1%          1

Your spell library contained the following spells:

 Spells                   Type           Power      Damage    Failure   Level
 Passwall                 Erth           16%        N/A       4%          3
 Stone Arrow              Conj/Erth      26%        3d8       6%          3
 Ensorcelled Hibernation  Hex/Ice        4%         N/A       12%         2
 Mercury Vapours          Alch/Air       4%         N/A       12%         2
 Mephitic Cloud           Conj/Alch/Air  4%         N/A       16%         3
 Brom's Barrelling Bould  Conj/Erth      13%        2d4       21%         4
 Fugue of the Fallen      Necr           2%         N/A       22%         3
 Petrify                  Alch/Erth      9%         N/A       28%         4
 Anguish                  Hex/Necr       1%         N/A       56%         4
 Freezing Cloud           Conj/Ice/Air   2%         6-21      80%         5

Inventory:

Hand Weapons
 e - a +0 short sword (weapon)
Armour
 a - a +0 robe (worn)
 k - a +0 helmet (worn)
 l - a +0 cloak (worn)
Jewellery
 g - a ring of wizardry (right hand)
Scrolls
 c - a scroll of noise {unknown}
 d - a scroll of vulnerability {unknown}
 h - a scroll of teleportation {unknown}
 i - a scroll of revelation {unknown}
 j - 2 scrolls of identify {unknown}
 m - a scroll of immolation {unknown}

Dungeon Overview and Level Annotations

Branches:
Dungeon (2/15)

Altars:

Annotations:
D:2 Terence

▒▒▒...................'........▒
▒▒....▒▒..............▒.▒▒▒▒▒.▒▒
......▒▒..............▒.▒
▒.....▒▒..............▒.▒
▒.....▒▒..............▒.▒
▒.....▒▒................▒
▒▒....................▒▒▒
▒▒▒▒'▒▒▒..............▒
.........▒▒▒....8▒▒▒▒▒▒
.▒▒▒.▒▒▒.▒▒▒.▒▒@▒▒▒▒▒▒▒▒▒▒▒▒▒ .▒
▒..▒▒..........▒..........
.▒▒▒.....▒▒▒▒.....▒..........
.........▒ ▒.....▒[.........
.........▒▒▒▒.....▒.....[....
......>....▒▒.....▒..........
▒▒▒▒'▒.▒...▒▒▒▒'▒▒▒..........
.....▒.▒...▒ ▒.▒▒▒..........


You could see Terence.


Message History

Terence is almost dead.
Terence hits you but does no damage.
You barely miss Terence.
Terence is almost dead.
Terence barely misses you.
You barely miss Terence.
Terence is almost dead.
Terence hits you but does no damage.
You closely miss Terence.
Terence is almost dead.
Terence hits you with a +0 flail.
You barely miss Terence.
Terence is almost dead.
Terence hits you but does no damage.
The blast of sand misses Terence.
Terence barely misses you. Terence hits you with a +0 flail.
* * * LOW HITPOINT WARNING * * *
You hit Terence but do no damage.
Terence is almost dead.
Terence barely misses you.
It was a potion of attraction.
You feel attractive to monsters. Terence hits you with a +0 flail.
* * * LOW HITPOINT WARNING * * *
Unknown command.
Magic courses through your body. Terence hits you with a +0 flail!
You die...
Terence says, "Time to find some more victims."

Action                     || total
---------------------------++-------
  Melee: Unarmed           ||    15
         Short sword       ||    29
   Cast: Sandblast         ||    38
    Use: Potion            ||     2
   Stab: Sleeping          ||     1
 Armour: Robe              ||    42
  Dodge: Dodged            ||    42

Levels and vault maps discovered:
D:1:      sevenhm_arrival_forest_fort_small_6, layout_loops_ring,
          minmay_misc_feat_diagonals
D:2:      layout_basic, uniq_terence

Notes
Turn   | Place    | Note
-------+----------+-------------------------------------------
     0 | D:1      | sanka the Gargoyle Earth Elementalist began the quest for
                  | the Orb.
     0 | D:1      | Reached XP level 1. HP: 10/10 MP: 3/3
   150 | D:1      | Reached XP level 2. HP: 12/15 MP: 5/5
   216 | D:1      | Reached skill level 4 in Earth Magic
   923 | D:2      | Reached skill level 2 in Conjurations
   923 | D:2      | Reached XP level 3. HP: 19/19 MP: 0/6
  1195 | D:2      | Noticed Terence
  1228 | D:2      | HP: 1/19 [Terence/+0 flail (5)]
  1229 | D:2      | Mangled by Terence

Vanquished Creatures
  2 dart slugs
  A ball python (D:1)
  5 bats
  2 endoplasms
  3 hobgoblins
  6 jackals
  2 quokkas
  A frilled lizard (D:1)
  2 goblins
  2 kobolds (D:1)
  2 rats (D:1)
28 creatures vanquished.
